 Dungeon Crawl Stone Soup version 0.29.1-12-g30fa7ad0bf (webtiles) character file.

Game seed: 1373932229041524842

704 retardedninja the Trooper (level 7, -11/61 (62) HPs)
             Began as a Hill Orc Fighter on Jan 5, 2023.
             Mangled by Menkaure (13 damage)
             ... on level 4 of the Dungeon.
             The game lasted 00:07:11 (4271 turns).

retardedninja the Trooper (Hill Orc Fighter)        Turns: 4271, Time: 00:07:12

HP:   -11/61 (62)   AC: 10    Str: 21    XL:     7   Next: 67%
MP:   7/7           EV:  7    Int:  8    God:
Gold: 159           SH:  6    Dex: 10    Spells: 6/6 levels left

rFire   . . .      SeeInvis .   a - +0 war axe
rCold   . . .      Faith    .   c - +1 buckler
rNeg    . . .      Spirit   .   l - +1 chain mail
rPois   .          Reflect  .   (no helmet)
rElec   .          Harm     .   (no cloak)
rCorr   .          Rampage  .   (no gloves)
Will    .....                   (no boots)
Stlth   ..........              (no amulet)
HPRegen 0.20/turn               (no ring)
MPRegen 0.10/turn               (no ring)

@: lightly drained
A: no striking features
a: no special abilities


You were on level 4 of the Dungeon.
You visited 1 branch of the dungeon, and saw 4 of its levels.

You collected 159 gold pieces.

Inventory:

Hand Weapons
 a - a +0 war axe (weapon)
Missiles
 p - 5 silver javelins (quivered)
Armour
 c - a +1 buckler (worn)
 l - a +1 chain mail (worn)
Scrolls
 g - a scroll of vulnerability
Potions
 n - a potion of attraction


   Skills:
 + Level 5.8 Fighting
 + Level 5.6 Axes
 + Level 5.3 Armour
 + Level 5.3 Shields
 + Level 2.5 Evocations


You had 6 spell levels left.
You didn't know any spells.
Your spell library contained the following spells:

 Spells                   Type           Power      Damage    Failure   Level
 Scorch                   Fire           0%         2d5       100%        2
 Call Canine Familiar     Summ           0%         N/A       100%        3
 Gell's Gravitas          Tloc           0%         N/A       100%        3
 Portal Projectile        Hex/Tloc       0%         N/A       100%        3
 Spider Form              Tmut/Pois      0%         N/A       100%        3
 Stone Arrow              Conj/Erth      0%         3d7       100%        3
 Teleport Other           Tloc           0%         N/A       100%        3
 Flame Wave               Conj/Fire      0%         2d4       100%        4
 Leda's Liquefaction      Hex/Erth       0%         N/A       100%        4
 Alistair's Intoxication  Tmut/Pois      0%         N/A       100%        5
 Dispersal                Tloc           0%         N/A       100%        6
 Summon Cactus Giant      Summ           0%         N/A       100%        6


Dungeon Overview and Level Annotations

Branches:
Dungeon (4/15)
 Temple: D:4-7

Altars:
Kikubaaqudgha
Ru

Annotations:
D:4 Grinder, Menkaure


Message History

The quokka barely misses you.
You closely miss the quokka.
The quokka is moderately wounded.
Your surroundings suddenly seem different.
Menkaure, an ufetubus, a worm and a goblin come into view.
Found 21 gold pieces.
Found a stone staircase leading down.
Menkaure shouts!
The goblin shouts!
Menkaure mumbles some strange words.
Menkaure seems to speed up.
Level annotation: Grinder, Menkaure Welcome back, retardedninja the Hill Orc Fighter.
Press ? for a list of commands and other information.
The goblin hits you but does no damage. The worm bites you but does no damage.
You hit Menkaure.
Menkaure is lightly damaged.
You hit the worm but do no damage. You closely miss the goblin.
Menkaure grins.
You block Menkaure's attack. The goblin completely misses you.
You slash Menkaure!
Menkaure is heavily damaged.
You closely miss the ufetubus. You hit the worm. You hit the goblin.
Menkaure hits you!
* * * LOW HITPOINT WARNING * * *
You block the goblin's attack. The ufetubus closely misses you.
The ufetubus hits you but does no damage.
The worm barely misses you. Menkaure barely misses you.
You feel better. The ufetubus closely misses you.
The ufetubus hits you but does no damage.
The goblin hits you but does no damage. Menkaure hits you!
* * * LOW HITPOINT WARNING * * *
The ufetubus hits you but does no damage.
The ufetubus hits you.
* * * LOW HITPOINT WARNING * * *
The worm bites you.
* * * LOW HITPOINT WARNING * * *
As you read the scroll of butterflies, it crumbles to dust.
You hear the tinkle of a tiny bell.
The goblin barely misses you.
The ufetubus hits you but does no damage.
You block the ufetubus's attack. Menkaure hits you!
You die...

#....##......#
#....##......#
#######....##......#####
#..........##...........
#..........##....≈≈≈≈..#
#.......$..##..........)
#.....bb...++......'..=.
#.$..bg....##......#####
......b@bb.##......#
.....bM5w.###......#####
.....b.bbb##.........#..
..........##.........#..
..........##.........#..
#####....###............
#....+ .............
#....# ##.##......#. #.
#....##.#


You could see Menkaure (fast, ally target), a worm (ally target), an ufetubus
(ally target) and a goblin (ally target).

Vanquished Creatures
  A bullfrog (D:4)
  A necrophage (D:4)
  A howler monkey (D:4)
  A jelly (D:4)
  2 orc priests (D:4)
  A gnoll bouda (D:4)
  Ijyb (D:4)
  Natasha (thrice) (D:2)
  An iguana (D:4)
  An orc wizard (D:4)
  Robin (D:4)
  7 gnolls
  7 adders
  A white imp (D:4)
  4 dart slugs
  13 orcs
  5 bats
  8 endoplasms
  4 giant cockroaches
  10 goblins
  13 hobgoblins
  2 jackals (D:2)
  5 quokkas
  6 ball pythons
  4 frilled lizards
  10 kobolds
  3 rats
116 creatures vanquished.

Vanquished Creatures (others)
  A fungus (D:3)
  A plant (D:3)
2 creatures vanquished.

Grand Total: 118 creatures vanquished

Notes
Turn   | Place    | Note
-------+----------+-------------------------------------------
     0 | D:1      | retardedninja the Hill Orc Fighter began the quest for the
                  | Orb.
     0 | D:1      | Reached XP level 1. HP: 19/19 MP: 1/1
   174 | D:1      | Reached XP level 2. HP: 20/27 MP: 2/2
   494 | D:1      | Got the Anthology of Petrous Venom
   677 | D:1      | Reached XP level 3. HP: 31/33 MP: 3/3
  1511 | D:2      | Noticed Natasha
  1520 | D:2      | Killed Natasha
  1521 | D:2      | Reached XP level 4. HP: 36/41 MP: 4/4
  1606 | D:2      | Noticed Natasha
  1611 | D:2      | Killed Natasha
  1824 | D:2      | Noticed Natasha
  1836 | D:2      | Killed Natasha
  1837 | D:2      | Reached XP level 5. HP: 19/47 MP: 5/5
  2886 | D:3      | Reached skill level 1 in Evocations
  2886 | D:3      | Reached XP level 6. HP: 52/55 MP: 6/6
  3043 | D:3      | Found a faded altar of an unknown god.
  3133 | D:3      | Reached skill level 5 in Fighting
  3232 | D:3      | Identified the +6 mace "Ligif" {drain, rF++ Will- Int+4}
  3658 | D:4      | Found a sacrificial altar of Ru.
  3683 | D:4      | Noticed Robin
  3693 | D:4      | Killed Robin
  3837 | D:4      | Reached skill level 5 in Axes
  3900 | D:4      | Noticed Ijyb
  3942 | D:4      | Reached XP level 7. HP: 30/61 MP: 7/7
  3943 | D:4      | Killed Ijyb
  3964 | D:4      | Reached skill level 5 in Armour
  3964 | D:4      | Reached skill level 5 in Shields
  3966 | D:4      | Noticed Grinder
  3974 | D:4      | Found an ancient bone altar of Kikubaaqudgha.
  4250 | D:4      | Paralysed by Grinder for 5 turns
  4259 | D:4      | Paralysed by Grinder for 2 turns
  4266 | D:4      | Noticed Menkaure
  4270 | D:4      | HP: 2/61 [worm (2)]
  4271 | D:4      | Mangled by Menkaure

Illustrated notes

Levels and vault maps discovered:
D:1:      dpeg_cavernosity, layout_basic, amcnicky_mini_corridor_feature
D:2:      layout_basic, serial_glass, glass_columns_b, glass_columns_c,
          hex_intersection, minmay_misc_feat_rows, uniq_natasha
D:3:      minmay_chambers_of_threes, layout_loops_ring,
          shapermc_ecumenical_altar_petra, grunt_decor_clamped
D:4:      layout_basic, mainiacjoe_overflow_boulevard,
          nicolae_overflow_crystal_walls, grunt_decor_mini_mirrors,
          uniq_menkaure, uniq_grinder, uniq_ijyb, uniq_robin

Skill      XL: |  1  2  3  4  5  6  7 |
---------------+----------------------+-----
Axes           | 3 4 5 |  5.6
Fighting       | 4 5 |  5.8
Armour         | 4 5 |  5.3
Shields        | 4 5 |  5.3
Evocations     | 1 2 |  2.5

Action                   |  1- 3 |  4- 6 |  7- 9 || total
-------------------------+-------+-------+-------++-------
Melee: War axe           |    82 |   204 |    40 ||   326
Throw: Javelin           |       |     8 |       ||     8
  Use: Scroll            |       |     4 |     7 ||    11
       Potion            |       |     4 |     4 ||     8
 Stab: Invisible         |       |     1 |     1 ||     2
Armor: Scale mail        |    28 |       |       ||    28
       Chain mail        |    12 |   133 |    47 ||   192
Dodge: Dodged            |    42 |   103 |    28 ||   173
Block: Buckler           |    18 |    38 |    16 ||    72
